AoeStats
← AvidJr

Arabia

503220206Analyzed
2v2 RM · 1mo ago on Aug 30, 2026· 46m 26s· 4 players
Game mode
Random Map
Map size
Medium (4 player)
Population
200
Speed
Normal
Resources
Standard
Victory
Conquest
Starting age
Dark Age
Ending age
Imperial Age
RankedLock teamsTeams togetherTeam positionsShared explorationLock speedFull tech treeHidden civsTurbo modeCheats
Victory
Defeat
🇨🇴 Franks · Colombia
1279
+16
🇨🇴 Vikings · Colombia
1224
+19
🇩🇪 Gurjaras · Germany
1416
-23
🇩🇪 Malians · Germany
1144
-11
Alud | lllpollo
4:43 Loom
10:32 Feudal Age
10:40 Man-at-Arms
14:03 Double-Bit Axe
21:18 Castle Age
19:34 Arson
19:53 Scale Mail Armor
20:43 Forging
22:18 Pikeman
23:24 Chain Mail Armor
23:38 Gold Mining
23:54 Squires
24:04 Gambesons
24:27 Long Swordsman
26:39 Horse Collar
28:44 Iron Casting
34:05 Heavy Plow
46:08 Imperial Age
44:08 Bow Saw
47:23 Plate Mail Armor
47:54 Blast Furnace
46:24 Two-Handed Swordsman
AvidJr
7:12 Loom
9:35 Feudal Age
10:06 Double-Bit Axe
16:47 Wheelbarrow
23:27 Castle Age
22:33 Scale Barding Armor
22:38 Forging
23:48 Forging
23:43 Gold Mining
28:04 Husbandry
28:36 Chain Barding Armor
28:56 Pikeman
31:51 Squires
33:40 Iron Casting
34:38 Scale Mail Armor
36:44 Chain Mail Armor
37:14 Arson
38:52 Stone Mining
40:31 Fletching
41:40 Bodkin Arrow
43:51 Hand Cart
47:14 Imperial Age
47:25 #83
Gladiator
6:52 Loom
9:07 Feudal Age
9:38 Horse Collar
9:46 Double-Bit Axe
15:06 Scale Barding Armor
16:51 Forging
20:01 Wheelbarrow
21:27 Bloodlines
25:37 Castle Age
24:25 Fletching
26:48 Light Cavalry
27:31 Husbandry
34:55 Bodkin Arrow
37:27 Crossbowman
Replikator
6:41 Loom
9:25 Feudal Age
10:29 Double-Bit Axe
17:52 Forging
22:22 Castle Age
20:21 Gold Mining
20:31 Horse Collar
21:49 Bloodlines
23:34 Scale Barding Armor
23:45 Bow Saw
25:54 Chain Barding Armor
28:05 Husbandry
32:06 Wheelbarrow
33:04 Pikeman
34:16 Man-at-Arms
36:16 Squires
36:17 Scale Mail Armor
38:08 Iron Casting
37:09 Long Swordsman
39:03 Chain Mail Armor
42:55 Imperial Age
42:58 Fletching
44:21 Plate Mail Armor
43:25 Elite Gbeto
43:33 Elite Gbeto
44:28 Town Watch
Connection lost

Rejoining the realm…

Still unreachable

The connection could not be restored.

Session expired

The server has moved on; the page needs a fresh start.